3AA
BILLINGS POLAR BEARS @ CASPER GHOSTS
07/21/2032
 
TOP OF THE 1ST
Billings Polar Bears batting - Pitching for Casper Ghosts : RHP Pedro Herrera
Pitching: RHP Pedro Herrera
Batting: SHB Jorge Alou 0-0: Called Strike
0-1: Swinging Strike
0-2: Strikes out swinging
Batting: RHB Luis Pérez 0-0: Ball
1-0: Ball
2-0: Foul Ball, location: 2F
2-1: Called Strike
2-2: Ground out 5-3 (Groundball, 56S)
Batting: RHB Jun Kung 0-0: Ball
1-0: Foul Ball, location: 2F
1-1: DOUBLE (Line Drive, 7LM)
Batting: SHB Kilipaki Malamapono 0-0: Ball
1-0: Foul Ball, location: 2F
1-1: Called Strike
1-2: Ball
2-2: Foul Ball, location: 2F
2-2: Foul Ball, location: 2F
2-2: Foul Ball, location: 2F
2-2: Ball
3-2: Fly out, F9 (Line Drive, 89D)
Top of the 1st over - 0 runs, 1 hit, 0 errors, 1 left on base; Billings 0 - Casper 0
BOTTOM OF THE 1ST
Casper Ghosts batting - Pitching for Billings Polar Bears : LHP Tadeo Pico
Pitching: LHP Tadeo Pico
Batting: RHB Scott Harrell 0-0: Ball
1-0: Ball
2-0: Foul Ball, location: 2F
2-1: Ball
3-1: Swinging Strike
3-2: Base on Balls
Batting: LHB Shunso Kiyomizu 0-0: Foul Ball, location: 2F
0-1: Ball
1-1: Called Strike
1-2: Foul Ball, location: 2F
1-2: SINGLE (Groundball, 34D)
Scott Harrell to second
Runner from 2nd tries for 3rd, SAFE, no throw
Batting: RHB Bob Phillips 0-0: Called Strike
0-1: Foul Ball, location: 2F
0-2: Ball
1-2: Foul Ball, location: 2F
1-2: Foul Ball, location: 2F
1-2: Ball
2-2: Foul Ball, location: 2F
2-2: Foul Ball, location: 2F
2-2: Grounds into double play, 6-4-3 (Groundball, 6)
Scott Harrell scores
Batting: RHB Emílio Agramónte 0-0: Ball
1-0: Called Strike
1-1: Ground out 5-3 (Groundball, 5L)
Bottom of the 1st over - 1 run, 1 hit, 0 errors, 0 left on base; Billings 0 - Casper 1
TOP OF THE 2ND
Billings Polar Bears batting - Pitching for Casper Ghosts : RHP Pedro Herrera
Batting: LHB Jorge Vélez 0-0: Ground out U3 (Groundball, 3)
Batting: LHB Atro Jarvilehto 0-0: Ball
1-0: Called Strike
1-1: Ball
2-1: Ground out 4-3 (Groundball, 34D)
Batting: RHB Mick Spargo 0-0: Ball
1-0: Swinging Strike
1-1: Called Strike
1-2: Fly out, F7 (Line Drive, 7)
Top of the 2nd over - 0 runs, 0 hits, 0 errors, 0 left on base; Billings 0 - Casper 1
BOTTOM OF THE 2ND
Casper Ghosts batting - Pitching for Billings Polar Bears : LHP Tadeo Pico
Batting: SHB Paco Ríos 0-0: Ball
1-0: Ground out 5-3 (Groundball, 56)
Batting: LHB Ronald Anderson 0-0: Ground out U3 (Groundball, 3L)
Batting: RHB Steve Weber 0-0: Called Strike
0-1: Foul Ball, location: 2F
0-2: Ball
1-2: Foul Ball, location: 2F
1-2: Foul Ball, location: 2F
1-2: Ball
2-2: Strikes out swinging
Bottom of the 2nd over - 0 runs, 0 hits, 0 errors, 0 left on base; Billings 0 - Casper 1
TOP OF THE 3RD
Billings Polar Bears batting - Pitching for Casper Ghosts : RHP Pedro Herrera
Batting: RHB Corey Dudding 0-0: Swinging Strike
0-1: Foul Ball, location: 2F
0-2: Strikes out swinging
Batting: SHB Wenceslas Holbeche 0-0: Swinging Strike
0-1: Called Strike
0-2: Strikes out looking
Batting: SHB Jorge Alou 0-0: Ball
1-0: Ball
2-0: Ball
3-0: Called Strike
3-1: Foul Ball, location: 2F
3-2: Foul Ball, location: 2F
3-2: Strikes out swinging
Top of the 3rd over - 0 runs, 0 hits, 0 errors, 0 left on base; Billings 0 - Casper 1
BOTTOM OF THE 3RD
Casper Ghosts batting - Pitching for Billings Polar Bears : LHP Tadeo Pico
Batting: RHB José Córdova 0-0: Ball
1-0: Ball
2-0: Ball
3-0: Called Strike
3-1: DOUBLE (Line Drive, 7LM)
Batting: RHB Félix Martínez 0-0: Ball
1-0: Foul Ball, location: 2F
1-1: Ground out 5-3 (Groundball, 56S)
José Córdova to third
Batting: RHB Scott Harrell 0-0: Foul Ball, location: 2F
0-1: Ball
1-1: Swinging Strike
1-2: Ball
2-2: Fly out, F9 (Flyball, 89D)
Runner from 3rd tags up, OUT at HOME
Bottom of the 3rd over - 0 runs, 1 hit, 0 errors, 0 left on base; Billings 0 - Casper 1
TOP OF THE 4TH
Billings Polar Bears batting - Pitching for Casper Ghosts : RHP Pedro Herrera
Batting: RHB Luis Pérez 0-0: Swinging Strike
0-1: Ball
1-1: Ball
2-1: Ball
3-1: Base on Balls
Batting: RHB Jun Kung 0-0: Ball
1-0: Ball
2-0: Grounds into double play, 5-4-3 (Groundball, 56)
Batting: SHB Kilipaki Malamapono 0-0: Reached on error, E6 (Groundball, 6)
Batting: LHB Jorge Vélez 0-0: Ball
1-0: Foul Ball, location: 2F
1-1: Ball
2-1: Ball
3-1: Called Strike
3-2: Base on Balls
Kilipaki Malamapono to second
Batting: LHB Atro Jarvilehto 0-0: Called Strike
0-1: Swinging Strike
0-2: Ball
1-2: Strikes out looking
Top of the 4th over - 0 runs, 0 hits, 1 error, 2 left on base; Billings 0 - Casper 1
BOTTOM OF THE 4TH
Casper Ghosts batting - Pitching for Billings Polar Bears : LHP Tadeo Pico
Batting: LHB Shunso Kiyomizu 0-0: Called Strike
0-1: Fly out, F9 (Flyball, 9LMF)
Batting: RHB Bob Phillips 0-0: Ball
1-0: Ground out 6-3 (Groundball, 6S)
Batting: RHB Emílio Agramónte 0-0: Called Strike
0-1: Swinging Strike
0-2: Ball
1-2: Foul Ball, location: 2F
1-2: Fly out, F7 (Flyball, 7D)
Bottom of the 4th over - 0 runs, 0 hits, 0 errors, 0 left on base; Billings 0 - Casper 1
TOP OF THE 5TH
Billings Polar Bears batting - Pitching for Casper Ghosts : RHP Pedro Herrera
Batting: RHB Mick Spargo 0-0: Foul Ball, location: 2F
0-1: Foul Ball, location: 2F
0-2: Strikes out swinging
Batting: RHB Corey Dudding 0-0: Ground out 5-3 (Groundball, 56S)
Batting: SHB Wenceslas Holbeche 0-0: Ball
1-0: Ball
2-0: Called Strike
2-1: Foul Ball, location: 2F
2-2: Foul Ball, location: 2F
2-2: Ball
3-2: Foul Ball, location: 2F
3-2: Strikes out swinging
Top of the 5th over - 0 runs, 0 hits, 0 errors, 0 left on base; Billings 0 - Casper 1
BOTTOM OF THE 5TH
Casper Ghosts batting - Pitching for Billings Polar Bears : LHP Tadeo Pico
Batting: SHB Paco Ríos 0-0: Ball
1-0: Ball
2-0: Ball
3-0: Called Strike
3-1: Fly out, F8 (Flyball, 8LS)
Batting: LHB Ronald Anderson 0-0: Ball
1-0: Ball
2-0: Fly out, F9 (Line Drive, 9LM)
Batting: RHB Steve Weber 0-0: Swinging Strike
0-1: Ball
1-1: Ground out 4-3 (Groundball, 34)
Bottom of the 5th over - 0 runs, 0 hits, 0 errors, 0 left on base; Billings 0 - Casper 1
TOP OF THE 6TH
Billings Polar Bears batting - Pitching for Casper Ghosts : RHP Pedro Herrera
Batting: SHB Jorge Alou 0-0: Ball
1-0: Ball
2-0: Called Strike
2-1: Ball
3-1: Ground out 6-3 (Groundball, 6M)
Batting: RHB Luis Pérez 0-0: Ball
1-0: Foul Ball, location: 2F
1-1: Ball
2-1: Ball
3-1: Fly out, F7 (Flyball, 78D)
Batting: RHB Jun Kung 0-0: Called Strike
0-1: Ball
1-1: Swinging Strike
1-2: Foul Ball, location: 2F
1-2: Strikes out swinging
Top of the 6th over - 0 runs, 0 hits, 0 errors, 0 left on base; Billings 0 - Casper 1
BOTTOM OF THE 6TH
Casper Ghosts batting - Pitching for Billings Polar Bears : LHP Tadeo Pico
Batting: RHB José Córdova 0-0: Ball
1-0: Ball
2-0: Ball
3-0: Called Strike
3-1: Base on Balls
Batting: RHB Félix Martínez 0-0: Ball
1-0: Fly out, F9 (Flyball, 89S)
Batting: RHB Scott Harrell 0-0: Called Strike
0-1: Ball
1-1: Ball
2-1: Fielders Choice at 2nd, 1-6 (Groundball, 13S)
Batting: LHB Shunso Kiyomizu 0-0: Ball
1-0: Fly out, F9 (Flyball, 89D)
Bottom of the 6th over - 0 runs, 0 hits, 0 errors, 1 left on base; Billings 0 - Casper 1
TOP OF THE 7TH
Billings Polar Bears batting - Pitching for Casper Ghosts : RHP Pedro Herrera
Batting: SHB Kilipaki Malamapono 0-0: Ball
1-0: Swinging Strike
1-1: Foul Ball, location: 2F
1-2: Strikes out swinging, 2-3 out at first.
Batting: LHB Jorge Vélez 0-0: Ball
1-0: Swinging Strike
1-1: Ball
2-1: Fly out, F7 (Flyball, 7S)
Batting: LHB Atro Jarvilehto 0-0: Foul Ball, location: 2F
0-1: Fly out, F6 (Popup, 6)
Top of the 7th over - 0 runs, 0 hits, 0 errors, 0 left on base; Billings 0 - Casper 1
BOTTOM OF THE 7TH
Casper Ghosts batting - Pitching for Billings Polar Bears : LHP Tadeo Pico
Batting: RHB Bob Phillips 0-0: Ground out 6-3 (Groundball, 6)
Batting: RHB Emílio Agramónte 0-0: Ball
1-0: Ball
2-0: Ball
3-0: Base on Balls
Pinch Hitting: RHB Armando Pacheco 0-0: Foul Ball, location: 2F
0-1: Ball
1-1: Ball
2-1: Foul Ball, location: 2F
2-2: Foul Ball, location: 2F
2-2: Ball
3-2: Foul Ball, location: 2F
3-2: Base on Balls
Emílio Agramónte to second
Pinch Hitting: RHB Adrijan Markovski 0-0: Fly out, F5 (Line Drive, 5)
Batting: RHB Steve Weber 0-0: Called Strike
0-1: DOUBLE (Line Drive, 7LD)
Emílio Agramónte scores
Armando Pacheco to third
Runner from 3rd tries for Home, SAFE, no throw
Pitching: RHP Roberto Roque
Batting: RHB José Córdova 0-0: Ball
1-0: Foul Ball, location: 2F
1-1: Called Strike
1-2: Strikes out looking
Bottom of the 7th over - 2 runs, 1 hit, 0 errors, 1 left on base; Billings 0 - Casper 3
TOP OF THE 8TH
Billings Polar Bears batting - Pitching for Casper Ghosts : RHP Pedro Herrera
Now at 1B: Armando Pacheco
Now in LF: Adrijan Markovski
Batting: RHB Mick Spargo 0-0: Foul Ball, location: 2F
0-1: Foul Ball, location: 2F
0-2: Ball
1-2: Strikes out swinging
Pitching: RHP Robert Cagle
Batting: RHB Corey Dudding 0-0: Called Strike
0-1: Fly out, F8 (Flyball, 89XD)
Batting: SHB Wenceslas Holbeche 0-0: TRIPLE (Line Drive, 89XD)
Batting: SHB Jorge Alou 0-0: Ball
1-0: Called Strike
1-1: Foul Ball, location: 2F
1-2: Ball
2-2: Foul Ball, location: 2F
2-2: SINGLE (Groundball, 3D)
Wenceslas Holbeche scores
Batting: RHB Luis Pérez Pickoff Throw to First - Error! E1
Jorge Alou to second
0-0: Called Strike
0-1: Ball
1-1: SINGLE (Line Drive, 6D)
Jorge Alou to third
Runner from 3rd tries for Home, SAFE, no throw
Batting: RHB Jun Kung 0-0: Ball
1-0: Foul Ball, location: 2F
1-1: Called Strike
1-2: Foul Ball, location: 2F
1-2: Ball
2-2: Foul Ball, location: 2F
2-2: Foul Ball, location: 2F
2-2: Foul Ball, location: 2F
2-2: Strikes out swinging
Top of the 8th over - 2 runs, 3 hits, 1 error, 1 left on base; Billings 2 - Casper 3
BOTTOM OF THE 8TH
Casper Ghosts batting - Pitching for Billings Polar Bears : RHP Roberto Roque
Batting: RHB Félix Martínez 0-0: Ground out 6-3 (Groundball, 6M)
Batting: RHB Scott Harrell 0-0: Foul Ball, location: 2F
0-1: Ball
1-1: Ball
2-1: DOUBLE (Flyball, 89XD) - OUT at third base trying to stretch hit.
Batting: LHB Shunso Kiyomizu 0-0: Fly out, F9 (Flyball, 9)
Bottom of the 8th over - 0 runs, 1 hit, 0 errors, 0 left on base; Billings 2 - Casper 3
TOP OF THE 9TH
Billings Polar Bears batting - Pitching for Casper Ghosts : RHP Robert Cagle
Pitching: RHP Pompeyo Davalillo
Pinch Hitting: LHB Roberto Fierro 0-0: Ground out 1-3 (Groundball, 13)
Pinch Hitting: LHB Mark Armstead 0-0: Ball
1-0: Ball
2-0: Foul Ball, location: 2F
2-1: Foul Ball, location: 2F
2-2: Ball
3-2: Base on Balls
Batting: LHB Atro Jarvilehto 0-0: Called Strike
Mark Armstead steals 2nd base
0-1: Ball
1-1: SINGLE (Line Drive, 56D)
Mark Armstead to third
Runner from 3rd tries for Home, SAFE, no throw
Batting: RHB Mick Spargo 0-0: Ball
1-0: Ball
2-0: Grounds into double play, 4-6-3 (Groundball, 4)
Top of the 9th over - 1 run, 1 hit, 0 errors, 0 left on base; Billings 3 - Casper 3
BOTTOM OF THE 9TH
Casper Ghosts batting - Pitching for Billings Polar Bears : RHP Roberto Roque
Now at 3B: Karsten Naarden
Now in RF: Roberto Fierro
Batting: RHB Bob Phillips 0-0: Foul Ball, location: 2F
0-1: Swinging Strike
0-2: Ball
1-2: Ball
2-2: Ball
3-2: Base on Balls
Batting: RHB Emílio Agramónte 0-0: Foul Ball, location: 2F
0-1: Ball
1-1: SINGLE (Line Drive, 4MD)
Bob Phillips to second
Runner from 2nd tries for 3rd, SAFE, no throw
Batting: RHB Armando Pacheco 0-0: Called Strike
0-1: Foul Ball, location: 2F
0-2: Ball
1-2: Ball
2-2: Ground out 5-3 (Groundball, 56S)
Emílio Agramónte to second
Batting: RHB Adrijan Markovski 0-0: Intentional Walk
Batting: RHB Steve Weber 0-0: Called Strike
0-1: Foul Ball, location: 2F
0-2: Ball
1-2: Foul Ball, location: 2F
1-2: DOUBLE (Line Drive, 89XD)
Bob Phillips scores
Wednesday, September 19th, 2018 - OOTP Baseball 18.8 Build 76